 Dungeon Crawl Stone Soup version 0.24.0-5-g267a8d59f4 (webtiles) character file.

Game seed: 3795755755458951252, levelgen mode: deterministic

680690 inmateoo the Sorcerer (level 27, -12/238 HPs)
             Began as a Pale Draconian Ice Elementalist on Oct 31, 2019.
             Was the Champion of Vehumet.
             Killed from afar by a Hell Sentinel (41 damage)
             ... with damnation
             ... on level 14 of the Dungeon on Nov 2, 2019.
             The game lasted 05:06:42 (82491 turns).

inmateoo the Sorcerer (DrIE)                       Turns: 82491, Time: 05:06:43

Health: -12/238    AC: 23    Str:  9    XL:     27
Magic:  35/48      EV: 26    Int: 41    God:    Vehumet [******]
Gold:   1650       SH: 10    Dex: 31    Spells: 1/68 levels left

rFire    + + +     SeeInvis .     - Unarmed
rCold    + . .     Gourm    .   K - +3 buckler
rNeg     + + .     Faith    .   (armour unavailable)
rPois    +         Spirit   .   J - +1 hat of Doureuj {rN+ Dex+5}
rElec    .         Reflect  .   s - +2 cloak of the Crypt {Int+6}
rCorr    .         Harm     .   e - +3 pair of gauntlets of War {Slay+5}
MR       +++++     Rnd*Rage +   j - +1 pair of boots {run}
Stlth    +.........             p - macabre finger necklace {rN+}
HPRegen  0.00/turn              y - ring of the Mage {Wiz MR++ Int+3}
MPRegen  0.31/turn              W - ring of Useusus {+Inv rF++ MR+++ Str-3 Dex+6}
                                z - ring of Ryitruth {rPois rF+ MR- Int+8 Dex+5}

@: deflect missiles, quick
A: breathe steam, unfitting armour, big wings, stinger 1, talons 1, berserk 2,
cold resistance 1, inhibited regeneration, cold-blooded, MP-powered wands, AC
+13
0: Orb of Zot
}: 3/15 runes: barnacled, slimy, gossamer
a: Breathe Steam, Fly, Renounce Religion, Evoke Invisibility


You were on level 14 of the Dungeon.
You worshipped Vehumet.
Vehumet was exalted by your worship.
You were very full.

You visited 10 branches of the dungeon, and saw 53 of its levels.
You visited 1 bazaar.
You also visited: Trove, Bailey, Gauntlet and Wizlab.

You collected 8002 gold pieces.
You spent 6352 gold pieces at shops.

Inventory:

Armour
 e - the +3 pair of gauntlets of War (worn) {Slay+5}
   (You found it in a treasure trove)

   It affects your accuracy and damage with ranged weapons and melee attacks
   (+5).
 j - a +1 pair of boots of running (worn)
 n - the +1 cloak of Starlight {rElec rC+ EV+4 Stlth--}
   (You bought it in a shop on level 2 of the Vaults)

   It affects your evasion (+4).
   It protects you from cold.
   It insulates you from electricity.
   It makes you much less stealthy.
 s - the +2 cloak of the Crypt (worn) {Int+6}
   (You found it in a treasure trove)

   It affects your intelligence (+6).
 J - the +1 hat of Doureuj (worn) {rN+ Dex+5}
   (You found it in a treasure trove)

   It affects your dexterity (+5).
   It protects you from negative energy.
 K - a +3 buckler (worn)
 O - the +0 pair of boots of Danoot {+Blink rCorr}
   (You found it in a Gauntlet)

   It lets you blink.
   It provides partial protection from all sources of acid and corrosion.
Magical Staves
 P - an uncursed staff of energy
 R - an uncursed staff of conjuration
Jewellery
 p - the macabre finger necklace (around neck) {rN+}
   (You bought it in a shop on level 3 of the Elven Halls)

   [amulet of nothing]

   It protects you from negative energy.
 y - the ring of the Mage (left hand) {Wiz MR++ Int+3}
   (You found it on level 6 of the Lair of Beasts)

   [ring of wizardry]

   It improves your spell success rate.
   It affects your intelligence (+3).
   It affects your resistance to hostile enchantments.
 z - the ring of Ryitruth (on amulet) {rPois rF+ MR- Int+8 Dex+5}
   (You found it on level 5 of the Pits of Slime)

   [ring of protection from fire]

   It affects your intelligence (+8).
   It affects your dexterity (+5).
   It protects you from fire.
   It protects you from poison.
   It affects your resistance to hostile enchantments.
 D - an uncursed ring of resist corrosion
 F - the ring "Kuttuysi" {Wiz rElec MR++ Int+4 Dex-5}
   (You took it off a deep elf sorcerer on level 3 of the Elven Halls)

   [ring of wizardry]

   It improves your spell success rate.
   It affects your intelligence (+4).
   It affects your dexterity (-5).
   It insulates you from electricity.
   It affects your resistance to hostile enchantments.
 H - the ring "Wiprenea" {Ice SInv}
   (You took it off an orc warlord in a bailey)

   [ring of ice]

   It enhances your ice magic.
   It makes you vulnerable to fire.
   It protects you from cold.
   It lets you see invisible.
 U - an uncursed ring of protection from cold
 W - the ring of Useusus (right hand) {+Inv rF++ MR+++ Str-3 Dex+6}
   (You found it on level 2 of the Shoals)

   [ring of dexterity]

   It affects your strength (-3).
   It affects your dexterity (+6).
   It greatly protects you from fire.
   It affects your resistance to hostile enchantments.
   It lets you turn invisible.
Wands
 w - a wand of paralysis (29)
 N - a wand of digging (8)
 Y - a wand of acid (29)
 Z - a wand of clouds (5)
Scrolls
 g - 23 scrolls of teleportation
 k - 10 scrolls of immolation
 m - 2 scrolls of amnesia
 q - 4 scrolls of magic mapping
 t - 2 scrolls of silence
 C - 11 scrolls of identify
 G - 20 scrolls of remove curse
 Q - 6 scrolls of blinking
 V - 11 scrolls of fog
Potions
 a - 10 potions of agility
 c - 6 potions of brilliance
 f - a potion of haste
 h - a potion of berserk rage
 i - 16 potions of curing
 l - 5 potions of heal wounds
 u - 8 potions of ambrosia
 v - 2 potions of might
 B - 5 potions of invisibility
 I - 6 potions of cancellation
 L - 2 potions of magic
 T - a potion of mutation
Miscellaneous
 o - a lamp of fire
 x - 2 boxes of beasts
 M - a phial of floods (inert)
 S - a lightning rod (4/4)
 X - a sack of spiders
Comestibles
 b - 25 rations


   Skills:
 - Level 18.0 Fighting
 - Level 6.0 Staves
 - Level 12.0 Dodging
 - Level 2.0 Stealth
 - Level 4.0 Shields
 - Level 15.0 Unarmed Combat
 - Level 21.0 Spellcasting
 + Level 20.7 Conjurations
   Level 5.0 Summonings
 - Level 5.0 Translocations
 - Level 10.0 Transmutations
 - Level 21.0 Fire Magic
 + Level 13.5 Ice Magic
 - Level 15.0 Air Magic
 - Level 10.0 Earth Magic
 - Level 12.0 Evocations


You had one spell level left.
You knew the following spells:

 Your Spells              Type           Power        Failure   Level  Hunger
a - Statue Form           Tmut/Erth      #######..    1%          6    None
b - Fire Storm            Conj/Fire      ########..   1%          9    ####...
c - Blink                 Tloc           N/A          1%          2    None
d - Ignition              Fire           ########..   1%          8    None
e - Passwall              Tmut/Erth      #######.     0%          2    None
f - Tornado               Air            ########..   13%         9    ####...
g - Freezing Cloud        Conj/Ice/Air   ########..   1%          6    None
h - Glaciate              Conj/Ice       ########..   5%          9    ####...
i - Deflect Missiles      Chrm/Air       #######...   1%          6    None
j - Lehudib's Crystal Sp  Conj/Erth      ########..   1%          8    None
k - Swiftness             Chrm/Air       #######.     1%          2    None

Your spell library contained the following spells:

 Spells                   Type           Power        Failure   Level  Hunger
 Flame Tongue             Conj/Fire      #####        0%          1    None
 Freeze                   Ice            ####         0%          1    None
 Magic Dart               Conj           ####         0%          1    None
 Sandblast                Erth           ######       0%          1    None
 Sting                    Conj/Pois      ####         0%          1    None
 Apportation              Tloc           ######       1%          1    None
 Summon Butterflies       Summ           ######..     1%          1    None
 Searing Ray              Conj           ######       0%          2    None
 Sticks to Snakes         Tmut           #######.     0%          2    None
 Throw Flame              Conj/Fire      ######       0%          2    None
 Throw Frost              Conj/Ice       ######       0%          2    None
 Conjure Flame            Conj/Fire      ########     0%          3    None
 Dazzling Spray           Conj/Hex       ######       0%          3    None
 Ignite Poison            Fire/Tmut/Pois #######.     0%          3    None
 Inner Flame              Hex/Fire       #######.     0%          3    None
 Mephitic Cloud           Conj/Pois/Air  #######.     0%          3    None
 Static Discharge         Conj/Air       ########     0%          3    None
 Stone Arrow              Conj/Erth      ######       0%          3    None
 Iskenderun's Mystic Bla  Conj           ########     0%          4    None
 Sticky Flame             Conj/Fire      ########     0%          4    None
 Throw Icicle             Conj/Ice       ########     0%          4    None
 Bolt of Magma            Conj/Fire/Erth ########..   0%          5    None
 Fireball                 Conj/Fire      ########..   0%          5    None
 Bolt of Fire             Conj/Fire      ########..   0%          6    None
 Call Imp                 Summ           ######..     1%          2    None
 Corpse Rot               Necr           N/A          1%          2    None
 Ensorcelled Hibernation  Hex/Ice        ######       1%          2    None
 Poisonous Vapours        Pois/Air       ######       1%          2    None
 Shroud of Golubria       Chrm/Tloc      ######       1%          2    None
 Slow                     Hex            #####...     1%          2    None
 Gell's Gravitas          Tloc           ######....   1%          3    None
 Lesser Beckoning         Tloc           ######....   1%          3    None
 Ozocubu's Armour         Chrm/Ice       #######.     1%          3    None
 Portal Projectile        Hex/Tloc       ######       1%          3    None
 Recall                   Summ/Tloc      N/A          1%          3    None
 Teleport Other           Tloc           ######..     1%          3    None
 Tukima's Dance           Hex            #####...     1%          3    None
 Force Lance              Conj/Tloc      #######.     1%          4    None
 Fulminant Prism          Conj/Hex       #######...   1%          4    None
 Ice Form                 Ice/Tmut       #######.     1%          4    None
 Leda's Liquefaction      Hex/Erth       ######....   1%          4    None
 Olgreb's Toxic Radiance  Pois           #####...     1%          4    None
 Petrify                  Tmut/Erth      #######.     1%          4    None
 Summon Ice Beast         Ice/Summ       #######.     1%          4    None
 Summon Lightning Spire   Summ/Air       #######.     1%          4    None
 Alistair's Intoxication  Tmut/Pois      ######..     1%          5    None
 Borgnjor's Vile Clutch   Necr/Erth      ######....   1%          5    None
 Irradiate                Conj/Tmut      ########..   1%          5    None
 Iskenderun's Battlesphe  Conj/Chrm      #######.     1%          5    None
 Lee's Rapid Deconstruct  Erth           #######...   1%          5    None
 Silence                  Hex/Air        #######...   1%          5    None
 Summon Forest            Summ/Tloc      ######....   1%          5    None
 Venom Bolt               Conj/Pois      #######...   1%          5    None
 Yara's Violent Unravell  Hex/Tmut       ######....   1%          5    None
 Conjure Ball Lightning   Conj/Air       ########..   1%          6    None
 Hydra Form               Tmut           #######...   1%          6    None
 Iron Shot                Conj/Erth      ########..   1%          6    None
 Ozocubu's Refrigeration  Ice            ########..   1%          6    None
 Poison Arrow             Conj/Pois      #######...   1%          6    None
 Simulacrum               Ice/Necr       #######...   1%          6    None
 Orb of Destruction       Conj           ########..   1%          7    None
 Spellforged Servitor     Conj/Summ      #######...   1%          7    None
 Chain Lightning          Conj/Air       ########..   1%          8    None
 Cause Fear               Hex            #####.....   2%          4    None
 Ring of Flames           Chrm/Fire      #######...   2%          7    None
 Dragon Form              Tmut           #######...   3%          7    None
 Dispersal                Tloc           ######....   4%          6    None
 Shadow Creatures         Summ           N/A          4%          6    None
 Summon Hydra             Summ           ######....   22%         7    None
 Darkness                 Hex            #####.....   32%         6    None
 Invisibility             Hex            #####...     32%         6    None
 Controlled Blink         Tloc           N/A          85%         8    None
 Disjunction              Tloc           ######....   85%         8    None
 Discord                  Hex            #####.....   100%        8    None
 Dragon's Call            Summ           ######....   100%        9    ####...
 Passage of Golubria      Tloc           Unusable     N/A         4    N/A

Dungeon Overview and Level Annotations

Branches:
Dungeon (15/15)            Temple (0/1) D:4            Lair (6/6) D:8
 Shoals (4/4) Lair:4       Spider (4/4) Lair:4        Slime (5/5) Lair:5
    Orc (2/2) D:12            Elf (3/3) Orc:2        Vaults (4/5) D:14
  Crypt (0/3) Vaults:3     Depths (5/5) D:15            Zot (5/5) Depths:5
 Bailey (visited)          WizLab (visited)         Gauntlet (visited)

Altars:
Ashenzari
Cheibriados
Dithmenos
Elyvilon
Fedhas
Gozag
Hepliaklqana
Nemelex Xobeh
Qazlal
Sif Muna
Trog
Vehumet
Yredelemnul
Zin
Beogh
Jiyva

Shops:
D:4 ?   D:7 *   D:8 }   D:9 (   D:12 (   D:14 %   D:15 ?   Orc:1 %   Orc:2 (*%[
Elf:1 (   Elf:2 *   Elf:3 =*   Shoals:3 (   Vaults:1 *   Vaults:2 =[
Depths:2 (   Depths:4 *

Portals:
Hell: Depths:1 Depths:2 Depths:3 Depths:4 Depths:5
Abyss: Depths:1 Depths:2 Depths:4 Depths:5
Pandemonium: Depths:3
Ziggurat: Depths:2

Annotations:
D:2 exclusion: ice beast
D:15 2 runed translucent doors, Vochiuc's ghost, adept DEFE
Elf:2 6 runed translucent doors, puimuR's ghost, adept OgCj
Vaults:1 3 runed translucent doors, exclusion: obsidian statue, Xafer's ghost, adept DsGl
Zot:5 1 runed translucent door, inmateoo's ghost, legendary GrFi


Innate Abilities, Weirdness & Mutations

You can breathe blasts of scalding, opaque steam.
Your pale cyan-grey scales are hard. (AC +13)
You cannot fit into any form of body armour.
You are cold-blooded and may be slowed by cold attacks.
Your large and strong wings let you fly indefinitely.
Your tail ends in a poisonous barb.
You have sharp toenails.
You often lose your temper in combat.
Your flesh is cold resistant. (rC+)
You do not regenerate when monsters are visible.
You expend magic power (3 MP) to strengthen your wands.


Message History

A rock wall.
This square is covered in magical glow.
You feel a surge of power!
The rock shatters into small pieces.
The Hell Sentinel gestures at you.
The sphere of damnation explodes!
The damnation engulfs you!! The Hell Sentinel gestures at you.
The sphere of damnation explodes!
The damnation engulfs you!!
Casting: Ignition (safe; 1% risk of failure)
Confirm with . or Enter, or press ? or * to list all spells.
Aiming: Passwall (safe; 0% risk of failure)
Press: ? - help, Dir - move target cursor A rock wall.
This square is covered in magical glow.
The Hell Sentinel gestures at you.
The sphere of damnation explodes!
The damnation engulfs you!!!
* * * LOW HITPOINT WARNING * * *
You begin to meditate on the wall.
You continue meditating on the rock. x2
The Hell Sentinel gestures at you.
The sphere of damnation explodes!
The damnation engulfs you!!!
You die...

### ##.## ##.#1## ##.###.## ##.##
##.## ##1## ##.## ##.## ##.##
######### # ##.######## ##.##
#.......# # ##.........#####@#
#.......# # .+.......#...# ###
#.......###### .#.......#.#.#
#.......'...##
.#.......#.#.#######.......###.##
.1.................+.......'.....
########.....#.##.##.......###.#.
.......#..#..#.##.###'####.#.....
...∩...#.......##.###.# #.#.###.
.......#...#.####.....####.#.###.


You could see a Hell Sentinel.

Vanquished Creatures
  Dissolution (Slime:3)
  the Royal Jelly (Slime:5)
  4 orbs of fire
  3 ancient liches (Zot:5)
  Margery (Depths:4)
  5 Killer Klowns (Zot:5)
  A curse toe (Zot:4)
  Frederick (Depths:5)
  Bai Suzhen (Depths:3)
  7 caustic shrikes (Depths:5)
  13 golden dragons
  Arachne (Spider:4)
  A bone dragon (Depths:5)
  5 electric golems
  The ghost of Itoosaen the Wallflower, a veteran VSBe of Uskayaw (Depths:1)
  16 tentacled monstrosities
  Rupert (D:13)
  6 liches
  22 Orb Guardians
  2 deep elf blademasters (Elf:3)
  2 titans (Depths:2)
  2 deep elf master archers (Elf:3)
  A Hell Sentinel (Zot:3)
  20 acid blobs
  8 quicksilver dragons
  An acid blob (shapeshifter) (Depths:4)
  6 sphinxes
  A tentacled starspawn (WizLab)
  An eldritch tentacle (WizLab)
  9 death cobs
  10 storm dragons
  3 shadow dragons (Zot:4)
  Kirke (D:13)
  6 draconian monks
  The ghost of kelthazard45 the Alchemist, an adept OpTm of Wu Jian (Shoals:1)
  Donald (Spider:4)
  2 tengu reavers
  12 fire giants
  15 azure jellies
  5 deep elf sorcerers
  Louise (Depths:4)
  2 balrugs
  6 draconian knights
  3 iron dragons
  11 frost giants
  Aizul (Spider:1)
  6 draconian scorchers
  9 vault wardens
  8 ghost moths
  4 emperor scorpions
  4 draconian shifters
  2 orc warlords
  A deep elf elementalist (Depths:4)
  4 draconian annihilators
  2 spriggan defenders (Depths:3)
  4 draconian stormcallers
  4 war gargoyles
  35 very ugly things
  2 reapers
  5 entropy weavers
  19 stone giants
  A black sun (Zot:4)
  9 ironheart preservers
  7 purple draconians
  A vampire knight (Depths:4)
  13 green draconians
  5 deep elf demonologists
  17 black draconians
  11 deep elf annihilators
  A minotaur (Gauntlet)
  5 spark wasps
  8 white draconians
  11 yellow draconians
  13 red draconians
  10 merfolk javelineers
  2 crystal guardians (Depths:3)
  4 death oozes (Slime:5)
  17 ettins
  4 deep elf death magi
  10 merfolk impalers
  13 fire dragons
  13 yaktaur captains
  A deep elf high priest (Elf:3)
  Josephine (Shoals:1)
  14 great orbs of eyes
  15 ice dragons
  10 hydras
  15 ogre magi
  10 centaur warriors
  2 rakshasas
  8 vault guards
  3 merfolk avatars
  3 merfolk aquamancers
  6 spriggan air magi
  2 alligator snapping turtles
  A death knight (D:14)
  Erica (Lair:1)
  3 satyrs (Shoals:4)
  37 two-headed ogres
  10 dancing weapons
  A vampire mage (Vaults:3)
  11 deep troll earth magi
  Urug (Orc:1)
  2 hell hogs (Depths:5)
  8 deep troll shamans
  2 spriggan berserkers
  3 tengu warriors
  5 orc high priests
  A soul eater (Depths:3)
  2 shock serpents (Zot:1)
  9 deep elf knights
  11 hell knights
  4 iron trolls (Zot:2)
  5 sixfirhies
  A death drake (shapeshifter) (Vaults:3)
  6 skeletal warriors
  A fire crab (Gauntlet)
  15 sea snakes
  5 flayed ghosts
  3 unseen horrors
  24 deep trolls
  4 obsidian statues
  5 glowing orange brains
  6 wizards
  A swamp dragon (shapeshifter) (Vaults:3)
  10 deep elf archers
  A shadow demon (Zot:3)
  29 harpies
  8 ironbrand convokers
  2 phantasmal warriors
  24 deep elf magi
  5 necromancers
  10 orc knights
  19 orb spiders
  6 orc sorcerers
  39 wolf spiders
  2 mana vipers (shapeshifter)
  48 ugly things
  6 shining eyes
  20 manticores
  4 oklob plants
  A worldbinder (WizLab)
  12 cyclopes
  A salamander (shapeshifter) (Depths:1)
  28 moths of wrath
  An elephant (shapeshifter) (Depths:3)
  14 fauns
  A black mamba (shapeshifter) (Vaults:1)
  Psyche (D:11)
  A centaur zombie (D:13)
  A frost giant skeleton (Depths:3)
  4 black mambas
  8 merfolk sirens
  26 elephants
  A spriggan zombie (Depths:1)
  8 water nymphs
  2 stone giant skeletons
  A spiny frog (shapeshifter) (Vaults:1)
  3 torpor snails
  Joseph (D:8)
  8 vault sentinels
  6 gargoyles
  17 spiny frogs
  3 human skeletons
  A hellion (Depths:3)
  2 yaktaurs (shapeshifter)
  26 yaktaurs
  2 yaktaur zombies (Vaults:2)
  2 komodo dragons (shapeshifter)
  7 efreet
  13 komodo dragons
  A tormentor (Depths:1)
  5 rime drakes
  A hellwing (Depths:3)
  2 tengu conjurers (Depths:1)
  An ice devil (WizLab)
  7 freezing wraiths
  4 demonic crawlers
  2 guardian mummies (D:12)
  35 merfolk
  13 trolls
  An ancient zyme (WizLab)
  A red devil (Depths:3)
  A hornet (shapeshifter) (Depths:5)
  A troll (shapeshifter) (Depths:1)
  47 jumping spiders
  2 sphinx simulacra
  3 wind drakes
  12 hornets
  9 polar bears
  20 blink frogs
  6 raiju (Zot:1)
  81 slime creatures
  A snapping turtle (shapeshifter) (D:14)
  11 hippogriffs
  9 snapping turtles
  A fire giant simulacrum (Vaults:2)
  13 dream sheep
  A stone giant simulacrum (Vaults:2)
  A deep troll zombie (Depths:1)
  2 shadows
  9 wraiths
  7 spriggans (Lair:2)
  5 air elementals
  30 tarantellas
  82 redbacks
  38 yaks
  A vampire (D:14)
  9 wyverns
  2 fire elementals
  17 golden eyes
  16 water elementals
  A human (D:8)
  4 fire bats (Gauntlet)
  5 basilisks
  A hungry ghost (D:15)
  3 hogs (D:13)
  Menkaure (D:7)
  2 insubstantial wisps (WizLab)
  An elf skeleton (Depths:3)
  8 wargs
  A soldier ant (D:11)
  6 acid dragons
  10 hell hounds
  A soldier ant (shapeshifter) (D:15)
  An acid dragon (shapeshifter) (Vaults:2)
  A torturous demonspawn skeleton (WizLab)
  9 porcupines
  13 water moccasins
  A floating eye (Depths:4)
  6 black bears
  4 sky beasts
  4 ice beasts
  7 eyes of draining
  59 orc warriors
  A phantom (D:9)
  41 ogres
  A black bear (shapeshifter) (Depths:1)
  4 wolves
  27 centaurs
  3 necrophages
  A tengu (shapeshifter) (Vaults:2)
  18 boggarts
  16 crocodiles
  3 human zombies
  2 big kobolds
  12 bullfrogs
  A gnoll sergeant (D:11)
  5 earth elementals
  2 wyvern zombies
  A deep troll simulacrum (Vaults:2)
  A wyvern skeleton (D:10)
  A water moccasin skeleton (D:10)
  6 scorpions
  An elf simulacrum (Vaults:2)
  2 human simulacra (Vaults:2)
  18 killer bees
  9 wights
  3 howler monkeys
  4 electric eels
  6 crimson imps
  A quasit (Depths:3)
  2 bullfrog skeletons
  2 bullfrog zombies
  9 hounds
  17 jellies
  33 orc priests
  5 centaur skeletons
  4 iguanas
  Ijyb (D:5)
  28 orc wizards
  9 worker ants
  6 hell rats (Lair:5)
  5 lightning spires (Zot:1)
  2 killer bee zombies
  A howler monkey zombie (D:11)
  26 adders
  16 gnolls
  A river rat (D:4)
  7 shadow imps
  2 white imps
  2 ufetubi (Depths:3)
  3 oozes
  2 adder zombies
  2 adder skeletons
  4 worms
  A ball lightning (Zot:1)
  A dart slug (D:2)
  3 leopard geckos
  108 orcs
  7 giant cockroaches
  27 goblins
  19 hobgoblins
  11 jackals
  6 quokkas
  A ball python (D:1)
  10 bats
  4 frilled lizards
  A jackal zombie (D:5)
  10 kobolds
  3 quokka skeletons
  8 rats
  3 crawling corpses (Vaults:2)
  7 fire vortices
  14 plants
  3 snaplasher vines
2506 creatures vanquished.

Vanquished Creatures (collateral kills)
  An ancient lich (Depths:3)
  A lich (Depths:1)
  2 tentacled monstrosities
  3 Orb Guardians (Zot:5)
  2 sphinxes
  8 acid blobs
  4 death cobs
  2 storm dragons
  A revenant (Vaults:3)
  Roxanne (Spider:1)
  A fire giant (Depths:2)
  A frost giant (Zot:2)
  A draconian knight (Zot:2)
  A draconian shifter (Zot:2)
  A deep elf sorcerer (Elf:3)
  2 deep elf elementalists (Elf:3)
  7 stone giants
  3 ironheart preservers
  3 very ugly things (Zot:2)
  3 deep elf demonologists (Elf:3)
  2 yellow draconians
  A white draconian (Zot:4)
  2 black draconians
  6 deep elf annihilators
  2 purple draconians (Depths:5)
  A deep elf death mage (Elf:3)
  A fire dragon (Depths:2)
  An ice dragon (Depths:5)
  A yaktaur captain (Vaults:1)
  2 ogre magi
  A deep elf high priest (Depths:2)
  A great orb of eyes (Slime:4)
  A vault guard (Vaults:1)
  A rakshasa (Depths:1)
  A spriggan air mage (Depths:5)
  A centaur warrior (Vaults:1)
  6 two-headed ogres
  A deep troll earth mage (Depths:2)
  4 deep elf knights
  Nergalle (Lair:3)
  A hell knight (Depths:3)
  A wizard (Vaults:2)
  3 deep trolls
  9 deep elf magi
  A deep elf archer (Elf:2)
  A necromancer (Depths:1)
  An orc knight (Vaults:1)
  6 ugly things
  A cyclops (Vaults:1)
  2 wolf spiders
  3 shining eyes
  A moth of wrath (Zot:2)
  A vault sentinel (Vaults:1)
  2 freezing wraiths (Vaults:2)
  A spiny frog (Lair:3)
  A demonic crawler (Lair:4)
  12 yaktaurs
  A hornet (Vaults:3)
  20 slime creatures
  4 golden eyes (Slime:3)
  A porcupine (shapeshifter) (Depths:5)
  2 orc warriors (Vaults:1)
  4 eyes of draining
  A boggart (Depths:1)
  5 ogres (Vaults:1)
  An orc wizard (Vaults:2)
  4 orcs
175 creatures vanquished.

Vanquished Creatures (others)
  An electric golem (Zot:1)
  A deep elf sorcerer (Elf:3)
  A two-headed ogre (D:10)
  An unseen horror (D:10)
  A worldbinder (WizLab)
  3 moths of wrath
  A troll (Zot:2)
  An ogre (Zot:2)
  A phantom (D:10)
  A centaur (Depths:2)
  4 ball lightnings (Zot:1)
  A bush (Lair:6)
  275 fire vortices
  33 fungi
  A lurking horror (WizLab)
  42 plants
  9 snaplasher vines
  4 starspawn tentacles (WizLab)
381 creatures vanquished.

Grand Total: 3062 creatures vanquished

Notes
Turn   | Place    | Note
-------+----------+-------------------------------------------
     0 | D:1      | inmateoo the Draconian Ice Elementalist began the quest for
                  | the Orb.
     0 | D:1      | Reached XP level 1. HP: 14/14 MP: 3/3
   287 | D:1      | Reached XP level 2. HP: 22/22 MP: 0/5
   395 | D:1      | Reached skill level 1 in Fighting
   638 | D:1      | Reached XP level 3. HP: 26/28 MP: 0/6
  1174 | D:2      | Noticed an ice beast
  1180 | D:2      | Learned a level 2 spell: Throw Frost
  1184 | D:2      | Learned a level 3 spell: Ozocubu's Armour
  1334 | D:2      | Reached XP level 4. HP: 35/35 MP: 2/7
  2017 | D:2      | Found a shimmering blue altar of Sif Muna.
  2206 | D:3      | Found a basalt altar of Yredelemnul.
  2451 | D:3      | Found a bloodstained altar of Trog.
  2488 | D:3      | Found a white marble altar of Elyvilon.
  2550 | D:3      | Found a radiant altar of Vehumet.
  2560 | D:3      | Became a worshipper of Vehumet
  2993 | D:4      | Found a blossoming altar of Fedhas.
  2994 | D:4      | Reached XP level 5. HP: 41/41 MP: 6/9
  3352 | D:4      | Found Hehyah's Magic Scroll Boutique.
  3405 | D:4      | Noticed a centaur
  3416 | D:4      | Killed a centaur
  3416 | D:4      | Reached XP level 6. HP: 29/50 MP: 3/10
  3429 | D:4      | Reached skill level 5 in Ice Magic
  3475 | D:4      | Found a staircase to the Ecumenical Temple.
  3570 | D:4      | Found an opulent altar of Gozag.
  3570 | D:4      | Found a sparkling altar of Nemelex Xobeh.
  3570 | D:4      | Noticed an orc warrior
  3588 | D:4      | Killed an orc warrior
  3993 | D:4      | Reached * piety under Vehumet
  3993 | D:4      | Offered knowledge of Shock by Vehumet.
  4061 | D:5      | Entered Level 5 of the Dungeon
  4073 | D:5      | Noticed an ice beast
  4075 | D:5      | Noticed a sky beast
  4088 | D:5      | Your scales start taking on a pale cyan-grey colour.
  4088 | D:5      | Reached XP level 7. HP: 46/57 MP: 1/12
  4666 | D:5      | Reached XP level 8. HP: 52/67 MP: 2/14
  4737 | D:5      | Noticed Ijyb
  4744 | D:5      | Killed Ijyb
  4757 | D:5      | Reached skill level 5 in Fighting
  4879 | D:5      | Learned a level 1 spell: Shock
  5190 | D:6      | Found a hazy altar of Hepliaklqana.
  5220 | D:6      | Offered knowledge of Magic Dart by Vehumet.
  5223 | D:6      | Reached ** piety under Vehumet
  5223 | D:6      | Reached skill level 1 in Air Magic
  5551 | D:6      | Found a shadowy altar of Dithmenos.
  5631 | D:6      | Reached skill level 5 in Dodging
  5645 | D:6      | Reached skill level 5 in Spellcasting
  6013 | D:7      | Noticed Menkaure
  6020 | D:7      | Killed Menkaure
  6020 | D:7      | Reached XP level 9. HP: 27/75 MP: 14/16
  6299 | D:7      | Found Dyodytop's Assorted Antiques.
  6302 | D:7      | Bought a scroll labeled ARUPPOXKIM for 27 gold pieces
  6302 | D:7      | Bought a scroll of identify for 54 gold pieces
  6512 | D:7      | Offered knowledge of Searing Ray by Vehumet.
  6605 | D:8      | Noticed Joseph
  6623 | D:8      | Killed Joseph
  6623 | D:8      | Reached skill level 5 in Air Magic
  6845 | D:8      | Found a staircase to the Lair.
  6857 | D:8      | Reached *** piety under Vehumet
  6874 | D:8      | Found Yfriumm's Gadget Shoppe.
  7159 | D:8      | Reached XP level 10. HP: 78/83 MP: 17/19
  7316 | D:8      | Found a stormy altar of Qazlal.
  7669 | D:8      | Found a glowing silver altar of Zin.
  7669 | D:8      | Noticed an angel
  7860 | D:9      | Offered knowledge of Force Lance by Vehumet.
  8418 | D:9      | Reached **** piety under Vehumet
  8557 | D:9      | Offered knowledge of Yara's Violent Unravelling by Vehumet.
  8653 | D:9      | Found Xalyoxkem's Antique Weapon Shoppe.
  8860 | D:10     | Entered Level 10 of the Dungeon
  8869 | D:10     | Killed an unseen horror
  8881 | D:10     | You fall into a shaft and drop 1 floor!
  8881 | D:11     | Noticed Psyche
  8881 | D:11     | Noticed a tengu warrior
  8890 | D:11     | Noticed a two-headed ogre
  8913 | D:11     | Killed a two-headed ogre
  9092 | D:11     | Killed Psyche
  9372 | D:10     | Noticed an ogre mage
  9373 | D:10     | Noticed a green ugly thing
  9385 | D:10     | Killed an ogre mage
  9385 | D:10     | Reached skill level 10 in Air Magic
  9388 | D:10     | Killed a green ugly thing
  9388 | D:10     | Reached XP level 11. HP: 87/89 MP: 19/23
  9664 | D:10     | Killed a two-headed ogre
  9668 | D:10     | Reached skill level 1 in Evocations
  9728 | D:10     | Reached skill level 1 in Staves
 10606 | D:11     | Killed a tengu warrior
 10947 | D:11     | Reached ***** piety under Vehumet
 11064 | D:11     | Reached skill level 5 in Conjurations
 11210 | D:12     | Noticed a red ugly thing
 11219 | D:12     | Killed a red ugly thing
 11290 | D:12     | Offered knowledge of Iskenderun's Mystic Blast by Vehumet.
 11321 | D:12     | Found a flagged portal.
 11336 | Bailey   | Entered a bailey
 11343 | Bailey   | Learned a level 5 spell: Fireball
 11546 | Bailey   | Noticed an orc knight
 11568 | Bailey   | Noticed an orc knight
 11643 | Bailey   | Killed an orc knight
 11781 | Bailey   | Killed an orc knight
 11781 | Bailey   | Reached XP level 12. HP: 45/100 MP: 15/24
 11892 | Bailey   | Identified the ring "Wiprenea" {Ice SInv}
 11892 | Bailey   | Noticed an orc warlord
 11931 | Bailey   | Killed an orc warlord
 12124 | Bailey   | Identified a scroll of acquirement
 12199 | D:12     | Found Fekiegoiso's Weapon Boutique.
 12235 | D:12     | Found a staircase to the Orcish Mines.
 12289 | D:12     | Offered knowledge of Orb of Destruction by Vehumet.
 12816 | D:12     | Found a portal to a secret trove of treasure.
 13056 | D:13     | Noticed Rupert
 13058 | D:13     | Noticed Kirke
 13349 | D:13     | Reached skill level 1 in Fire Magic
 13471 | D:13     | Reached skill level 5 in Evocations
 13808 | D:14     | Reached skill level 5 in Staves
 14236 | D:14     | Noticed a death knight
 14251 | D:14     | Killed a death knight
 14462 | D:14     | Noticed a two-headed ogre
 14474 | D:14     | Killed a two-headed ogre
 14474 | D:14     | Reached XP level 13. HP: 90/105 MP: 22/26
 14607 | D:14     | Found Fiechugoi's Food Shoppe.
 14699 | D:13     | Reached skill level 5 in Fire Magic
 14919 | Lair:1   | Entered Level 1 of the Lair of Beasts
 15258 | Lair:1   | Noticed Erica
 15266 | Lair:1   | Killed Erica
 15963 | Lair:2   | Reached skill level 10 in Spellcasting
 16121 | Lair:2   | Got a crystal flail
 16122 | Lair:2   | Identified the cursed +3 flail of Bienwor {crush, rPois
                  | Str+3} (You found it on level 2 of the Lair of Beasts)
 17155 | Lair:3   | Found a gate leading to a gauntlet.
 17161 | Lair:3   | Offered knowledge of Lightning Bolt by Vehumet.
 17161 | Lair:3   | Reached skill level 10 in Dodging
 17168 | Lair:3   | Learned a level 5 spell: Lightning Bolt
 17177 | Gauntlet | Entered a Gauntlet
 17177 | Gauntlet | Found a transporter.
 17187 | Gauntlet | Found a transporter.
 17202 | Gauntlet | Found a transporter.
 17207 | Gauntlet | Found a transporter.
 17221 | Gauntlet | Noticed an entropy weaver
 17222 | Gauntlet | Found a transporter.
 17237 | Gauntlet | Noticed a death ooze
 17241 | Gauntlet | Found a transporter.
 17253 | Gauntlet | Found a transporter.
 17259 | Gauntlet | Found a transporter.
 17274 | Gauntlet | Found a transporter.
 17274 | Gauntlet | Noticed a balrug
 17280 | Gauntlet | Found a transporter.
 17295 | Gauntlet | Found a transporter.
 17301 | Gauntlet | Found a transporter.
 17316 | Gauntlet | Found a transporter.
 17335 | Gauntlet | Found a transporter.
 17352 | Gauntlet | Found a transporter.
 17399 | Gauntlet | Found a transporter.
 17421 | Gauntlet | Found a transporter.
 17421 | Gauntlet | Found a transporter.
 17896 | Gauntlet | Killed a balrug
 17970 | Gauntlet | Got a pair of heavily runed boots
 17987 | Gauntlet | Identified the +0 pair of boots of Danoot {+Blink rCorr}
                  | (You found it in a Gauntlet)
 18051 | Gauntlet | Identified the +6 hunting sling of Egomania {venom, -Tele
                  | MR+ Str+3 SInv}
 18051 | Gauntlet | Noticed a minotaur
 18064 | Gauntlet | Killed a minotaur
 18428 | Lair:3   | Noticed Nergalle
 18448 | Lair:3   | Killed Nergalle
 18770 | Lair:4   | Found a hole to the Spider Nest.
 18928 | Lair:4   | Reached XP level 14. HP: 89/113 MP: 19/28
 19673 | Lair:4   | Found a staircase to the Shoals.
 20266 | Lair:5   | Found a staircase to the Slime Pits.
 20278 | Lair:5   | Got a pitted short sword
 20279 | Lair:5   | Identified the +6 short sword of the Scroll {pierce, rN+}
                  | (You found it on level 5 of the Lair of Beasts)
 21201 | Lair:6   | Entered Level 6 of the Lair of Beasts
 21252 | Lair:6   | Offered knowledge of Freezing Cloud by Vehumet.
 21292 | Lair:6   | Learned a level 6 spell: Freezing Cloud
 21345 | Lair:6   | Found a snail-covered altar of Cheibriados.
 22878 | Lair:6   | Reached XP level 15. HP: 123/123 MP: 24/29
 23377 | Lair:6   | Found the ring of the Mage {Wiz MR++ Int+3}
 23406 | Lair:6   | Got a transparent quarterstaff
 23408 | Lair:6   | Identified the +8 quarterstaff of Ziehinum {crush, Dex+2}
                  | (You found it on level 6 of the Lair of Beasts)
 23780 | Orc:1    | Entered Level 1 of the Orcish Mines
 23930 | Orc:2    | Entered Level 2 of the Orcish Mines
 24299 | Orc:1    | Reached ****** piety under Vehumet
 24326 | Orc:1    | Offered knowledge of Ozocubu's Refrigeration by Vehumet.
 24384 | Orc:1    | Found Haimoed's Food Emporium.
 24498 | Orc:2    | Learned a level 6 spell: Ozocubu's Refrigeration
 24653 | Orc:2    | Found a roughly hewn altar of Beogh.
 24935 | Orc:2    | Found Nalletad's Armour Boutique.
 24996 | Orc:2    | Found Hayduritt's Food Shop.
 25573 | Orc:2    | Found a staircase to the Elven Halls.
 26233 | Orc:2    | Found Xongah's General Store.
 26239 | Orc:2    | Offered knowledge of Spellforged Servitor by Vehumet.
 26540 | Orc:2    | Noticed an orc warlord
 26555 | Orc:2    | Killed an orc warlord
 26736 | Orc:2    | Found Gite's Weapon Boutique.
 27015 | Orc:2    | Found a roughly hewn altar of Beogh.
 27351 | Orc:1    | Noticed Urug
 27356 | Orc:1    | Killed Urug
 27794 | D:13     | Killed Rupert
 27794 | D:13     | Reached skill level 10 in Evocations
 27795 | D:13     | Killed Kirke
 28308 | D:13     | Reached skill level 15 in Air Magic
 28807 | D:7      | Bought a leatherbound book for 405 gold pieces
 28807 | D:7      | Bought a yellowed book for 405 gold pieces
 28866 | D:8      | Bought a lamp of fire for 480 gold pieces
 29004 | Spider:1 | Entered Level 1 of the Spider Nest
 29384 | D:14     | Reached XP level 16. HP: 132/132 MP: 15/31
 29493 | D:14     | Found a gate to the Vaults.
 29670 | D:15     | Entered Level 15 of the Dungeon
 29720 | D:15     | Found a large runed translucent door.
 29720 | D:15     | Found a large runed translucent door.
 29723 | D:15     | Noticed Vochiuc's ghost (adept DEFE)
 30083 | D:15     | Found a staircase to the Depths.
 30204 | D:15     | Found Goerch's Magic Scroll Boutique.
 30221 | D:15     | Offered knowledge of Poison Arrow by Vehumet.
 31521 | Spider:1 | Noticed Aizul
 31536 | Spider:1 | Killed Aizul
 31536 | Spider:1 | Reached skill level 10 in Fighting
 31700 | Spider:1 | You fall into a shaft and drop 1 floor!
 32014 | Spider:1 | Noticed Roxanne
 34584 | Spider:1 | Killed Roxanne
 34601 | Spider:1 | Learned a level 6 spell: Statue Form
 35213 | Spider:2 | Reached skill level 1 in Unarmed Combat
 35213 | Spider:2 | Reached skill level 1 in Transmutations
 35299 | Spider:2 | Reached skill level 1 in Earth Magic
 35595 | Spider:2 | Identified the cursed +1 spear "Fopa Mui" {venom, *Noise
                  | +Blink rPois Int+2} (You found it on level 2 of the Spider
                  | Nest)
 36492 | Spider:2 | Paralysed by a hornet for 2 turns
 36654 | Spider:3 | Offered knowledge of Lehudib's Crystal Spear by Vehumet.
 36654 | Spider:3 | Offered knowledge of Fire Storm by Vehumet.
 36654 | Spider:3 | Offered knowledge of Ignition by Vehumet.
 37271 | Spider:3 | Learned a level 8 spell: Ignition
 38114 | Spider:3 | Reached XP level 17. HP: 140/140 MP: 26/33
 38115 | Spider:3 | Reached XP level 18. HP: 147/147 MP: 26/34
 38640 | Spider:4 | Entered Level 4 of the Spider Nest
 38756 | Spider:4 | Reached skill level 10 in Fire Magic
 38816 | Spider:4 | Noticed Arachne
 39017 | Spider:4 | Noticed Donald
 39470 | Spider:4 | Killed Arachne
 39771 | Spider:4 | Reached skill level 5 in Unarmed Combat
 40968 | Elf:1    | Entered Level 1 of the Elven Halls
 41030 | Elf:1    | Found a magical portal.
 41035 | WizLab   | Found a transporter.
 41039 | WizLab   | Found a corrupted altar of Lugonu.
 41044 | WizLab   | Reached skill level 5 in Transmutations
 41058 | WizLab   | Reached skill level 5 in Earth Magic
 41077 | WizLab   | Reached skill level 10 in Conjurations
 41087 | WizLab   | Reached skill level 1 in Shields
 41161 | WizLab   | Found a transporter.
 41168 | WizLab   | Noticed a lich
 41213 | WizLab   | Found a transporter.
 41289 | WizLab   | Found the +2 cloak of the Thief {+Fog Slay-2 SInv Stlth+}
 41321 | WizLab   | Found a transporter.
 41321 | WizLab   | Found a transporter.
 41392 | WizLab   | Found a transporter.
 41430 | WizLab   | Found a transporter.
 41527 | WizLab   | Found a transporter.
 41534 | WizLab   | Killed a lich
 41572 | WizLab   | Found a transporter.
 41684 | WizLab   | Found a transporter.
 41684 | WizLab   | Found a transporter.
 41866 | WizLab   | Got a warped buckler
 41877 | WizLab   | Identified the +0 buckler "Afuaj" {+Blink rElec rC- Str+5}
                  | (You acquired it in a wizard's laboratory)
 41888 | WizLab   | Got a clouded brass amulet
 41889 | WizLab   | Identified the amulet "Argheet" {Gourm rF- Str+9 Int-5
                  | Dex+2} (You acquired it in a wizard's laboratory)
 41950 | WizLab   | Identified Golubria's Collected Works on the Compass
 42064 | WizLab   | Found a transporter.
 42064 | WizLab   | Found a transporter.
 42068 | WizLab   | Found a transporter.
 42068 | WizLab   | Found a transporter.
 42346 | WizLab   | Found a transporter.
 42435 | WizLab   | Noticed a tentacled monstrosity
 42435 | WizLab   | Found a transporter.
 42435 | WizLab   | Found a transporter.
 42441 | WizLab   | Found a transporter.
 42441 | WizLab   | Found a transporter.
 43002 | Shoals:1 | Entered Level 1 of the Shoals
 43248 | Shoals:1 | Found a transporter.
 43255 | Shoals:1 | Noticed kelthazard45's ghost (adept OpTm)
 43759 | Shoals:1 | Learned a level 6 spell: Deflect Missiles
 43913 | Shoals:1 | Found a transporter.
 44028 | Shoals:1 | Noticed Josephine
 44040 | Shoals:1 | Killed Josephine
 44113 | Shoals:1 | Got a smoking hand axe
 44119 | Shoals:1 | Identified the cursed +0 hand axe of Odulerya {antimagic,
                  | Fragile rN+ MP+9 Int+5} (You found it on level 1 of the
                  | Shoals)
 45025 | Shoals:2 | Reached XP level 19. HP: 144/154 MP: 36/36
 45074 | Shoals:2 | Got a vibrating silver ring
 45075 | Shoals:2 | Identified the ring of Useusus {+Inv rF++ MR+++ Str-3
                  | Dex+6} (You found it on level 2 of the Shoals)
 45278 | Shoals:2 | Found Kyb Leytz's Food Shoppe.
 45286 | Shoals:2 | Bought a ration for 55 gold pieces
 45286 | Shoals:2 | Bought a ration for 55 gold pieces
 45286 | Shoals:2 | Bought a ration for 55 gold pieces
 45286 | Shoals:2 | Bought a ration for 55 gold pieces
 45286 | Shoals:2 | Bought a ration for 55 gold pieces
 45286 | Shoals:2 | Bought a ration for 55 gold pieces
 45286 | Shoals:2 | Bought a ration for 55 gold pieces
 45286 | Shoals:2 | Bought a ration for 55 gold pieces
 45286 | Shoals:2 | Bought a ration for 55 gold pieces
 45286 | Shoals:2 | Bought a ration for 55 gold pieces
 45286 | Shoals:2 | Bought a ration for 55 gold pieces
 45286 | Shoals:2 | Bought a ration for 55 gold pieces
 45286 | Shoals:2 | Bought a ration for 55 gold pieces
 45962 | Shoals:3 | Found Zeusorph's Weapon Emporium.
 46197 | Shoals:3 | Bought the +7 short sword of Wynischol {venom, rC++ SInv}
                  | for 1346 gold pieces
 46212 | Shoals:4 | Entered Level 4 of the Shoals
 47819 | Shoals:4 | Got a barnacled rune of Zot
 48812 | Shoals:1 | Killed kelthazard45's ghost
 48841 | Shoals:1 | Identified the ring of Wuin {Str-3 Int+6 Stlth+} (You found
                  | it on level 1 of the Shoals)
 49171 | Spider:4 | Reached skill level 10 in Unarmed Combat
 49467 | Spider:4 | Killed Donald
 49744 | Spider:4 | Got a gossamer rune of Zot
 50608 | Elf:1    | Found Niokhury's Weapon Shoppe.
 50691 | Elf:1    | Reached XP level 20. HP: 161/161 MP: 30/38
 50742 | Elf:1    | Learned a level 4 spell: Summon Lightning Spire
 50860 | Elf:1    | Found the +3 robe of Folly {Archmagi, MR-- Int+5}
 51356 | Elf:2    | Found Luonn's Assorted Antiques.
 51364 | Elf:2    | Bought a crude marble ring for 160 gold pieces
 51364 | Elf:2    | Bought a glowing scarf for 256 gold pieces
 51364 | Elf:2    | Identified the ring "Wugiwkuh" {+Fly rF+++ Str-5 Int+2
                  | Dex+2} (You bought it in a shop on level 2 of the Elven
                  | Halls)
 51406 | Elf:2    | Found a runed translucent gate.
 51406 | Elf:2    | Noticed puimuR's ghost (adept OgCj)
 51407 | Elf:2    | Found a runed translucent gate.
 51407 | Elf:2    | Found a runed translucent gate.
 51447 | Elf:2    | Found a runed translucent gate.
 51447 | Elf:2    | Found a runed translucent gate.
 51459 | Elf:2    | Found a runed translucent gate.
 51963 | Elf:3    | Entered Level 3 of the Elven Halls
 52255 | Elf:3    | Found Udequt's Jewellery Emporium.
 52257 | Elf:3    | Found Ciosyd's Assorted Antiques.
 52382 | Elf:3    | Found a radiant altar of Vehumet.
 52745 | Elf:3    | Identified the +0 robe "Fuoph" {Regen+}
 52902 | Elf:3    | Identified the +8 morningstar "Grim" {pain, Dex+5}
 53146 | Elf:3    | Identified the ring "Kuttuysi" {Wiz rElec MR++ Int+4 Dex-5}
 53174 | Elf:3    | Identified the +7 great sword of Dopnitin {slice, Int+2}
 53174 | Elf:3    | Identified the amulet "Sumiv" {Reflect Str+2 Int+4 SH+2}
 53315 | Elf:3    | Identified the +5 great mace of Meklywit {crush, rElec rF+}
 53734 | Elf:3    | Identified a +1 pair of boots of running (You found it on
                  | level 3 of the Elven Halls)
 54368 | Vaults:1 | Entered Level 1 of the Vaults
 55164 | Vaults:1 | Found a runed translucent gate.
 55164 | Vaults:1 | Found a runed translucent gate.
 55164 | Vaults:1 | Found a runed translucent gate.
 55165 | Vaults:1 | Noticed Xafer's ghost (adept DsGl)
 55166 | Vaults:1 | Found an opulent altar of Gozag.
 55946 | Vaults:1 | Reached XP level 21. HP: 137/168 MP: 31/39
 56412 | Vaults:1 | Found Niti Fal's Assorted Antiques.
 56477 | Vaults:2 | Found Ciotha's Antique Armour Emporium.
 56593 | Vaults:2 | Found a flickering gateway to a bazaar.
 56617 | Bazaar   | Entered a bazaar
 56619 | Bazaar   | Found Vubaf's General Store.
 56622 | Bazaar   | Found Rifejo Medel's Gadget Emporium.
 56651 | Bazaar   | Found Zycvesta's Jewellery Shop.
 56673 | Bazaar   | Found Luomecki's Weapon Boutique.
 56714 | Vaults:2 | Found Ufianeyr's Jewellery Boutique.
 57227 | Vaults:2 | Reached skill level 10 in Earth Magic
 57425 | Vaults:2 | Reached skill level 10 in Transmutations
 58432 | Vaults:3 | Found a staircase to the Crypt.
 58975 | Vaults:3 | Identified the +1 robe of Focus {rF+ rC+ MP+9 Slay+2}
 60343 | Elf:3    | Bought the macabre finger necklace {rN+} for 680 gold
                  | pieces
 60343 | Elf:3    | Found the macabre finger necklace {rN+}
 60734 | Slime:1  | Entered Level 1 of the Pits of Slime
 61070 | Lair:5   | Learned a level 5 spell: Summon Forest
 61129 | Slime:1  | Reached skill level 15 in Unarmed Combat
 61506 | Slime:1  | Reached skill level 1 in Summonings
 61517 | Slime:1  | Reached XP level 22. HP: 127/174 MP: 21/40
 61517 | Slime:1  | Reached skill level 1 in Translocations
 62431 | Slime:3  | Noticed Dissolution
 62433 | Slime:3  | Gained mutation: Potions are less effective at restoring
                  | your health. [a shining eye]
 62439 | Slime:3  | Paralysed by a floating eye for 3 turns
 62449 | Slime:3  | Killed Dissolution
 64017 | Slime:5  | Entered Level 5 of the Pits of Slime
 64025 | Slime:5  | Reached skill level 5 in Summonings
 64119 | Slime:4  | Learned a level 9 spell: Fire Storm
 64178 | Slime:5  | Reached skill level 15 in Fire Magic
 64182 | Slime:5  | Reached skill level 5 in Translocations
 64195 | Slime:5  | Noticed the Royal Jelly
 64310 | Slime:5  | Found a viscous altar of Jiyva.
 64323 | Slime:5  | Found the +9 sword of Zonguldrok {reap}
 64330 | Slime:5  | Found the +7 great mace "Undeadhunter" {disrupt, rN+}
 64355 | Slime:5  | Gained mutation: Your body sometimes deteriorates upon
                  | taking damage. [a shining eye]
 64419 | Slime:5  | Killed the Royal Jelly
 64454 | Slime:5  | Identified the ring of Ryitruth {rPois rF+ MR- Int+8 Dex+5}
                  | (You found it on level 5 of the Pits of Slime)
 64463 | Slime:5  | Identified Denliklol's Almanac of Shifting Feathers
 64466 | Slime:5  | Got a slimy rune of Zot
 64552 | Slime:5  | Identified the ring of the Mackerel {rC- Str+6 Dex+3 SInv}
                  | (You found it on level 5 of the Pits of Slime)
 64557 | Slime:5  | Identified the cursed +0 buckler of Conscience {Str-3 Dex+3
                  | Slay+2} (You found it on level 5 of the Pits of Slime)
 64568 | Slime:5  | Identified the Almanac of Ice
 64632 | Slime:4  | Lost mutation: Your body sometimes deteriorates upon taking
                  | damage. [potion of mutation]
 64632 | Slime:4  | Lost mutation: Potions are less effective at restoring your
                  | health. [potion of mutation]
 64632 | Slime:4  | Gained mutation: Your flesh is cold resistant. (rC+)
                  | [potion of mutation]
 64632 | Slime:4  | Gained mutation: You have a beak for a mouth. [potion of
                  | mutation]
 64632 | Slime:4  | Gained mutation: You have sharp toenails. [potion of
                  | mutation]
 65449 | Vaults:4 | Reached skill level 15 in Conjurations
 65453 | Vaults:4 | Reached XP level 23. HP: 185/185 MP: 32/41
 66480 | Depths:1 | Entered Level 1 of the Depths
 66844 | Depths:1 | Found a gateway to Hell.
 66889 | Depths:1 | Found a one-way gate to the infinite horrors of the Abyss.
 66940 | Depths:1 | Found a runed translucent gate.
 66940 | Depths:1 | Found a runed translucent gate.
 66940 | Depths:1 | Found a runed translucent gate.
 66943 | Depths:1 | Noticed Itoosaen's ghost (veteran VSBe)
 67022 | Depths:1 | Reached skill level 15 in Spellcasting
 67861 | Depths:1 | Killed Itoosaen's ghost
 67876 | Depths:1 | Identified the cursed +0 cloak "Vudulo" {Str+2} (You found
                  | it on level 1 of the Depths)
 68334 | Depths:2 | Found a gateway to a ziggurat.
 68372 | Depths:2 | Reached XP level 24. HP: 200/200 MP: 32/42
 68403 | Depths:2 | Found Rymafy's Weapon Boutique.
 68618 | Depths:2 | Identified Sif Muna's Disquisition on the Assistive Birds
 69434 | Vaults:2 | Bought the +1 cloak of Starlight {rElec rC+ EV+4 Stlth--}
                  | for 1824 gold pieces
 69434 | Vaults:2 | Found the +1 cloak of Starlight {rElec rC+ EV+4 Stlth--}
 69640 | Depths:3 | Noticed Bai Suzhen
 69663 | Depths:3 | Killed Bai Suzhen
 69945 | Depths:3 | Found a one-way gate leading to the halls of Pandemonium.
 71060 | Depths:3 | Noticed an ancient lich
 71078 | Depths:3 | Killed an ancient lich
 71166 | Depths:3 | Upgraded the game from 0.24.0-2-g5b39cebb1c to
                  | 0.24.0-5-g267a8d59f4
 71171 | Depths:4 | Noticed Margery
 71186 | Depths:4 | Noticed Louise
 71187 | Depths:4 | Killed Margery
 71556 | Depths:4 | Found Uhimapla's Assorted Antiques.
 72156 | D:12     | You paid a toll of +4 fire dragon scales to enter a
                  | treasure trove
 72157 | Trove    | Entered a treasure trove
 72160 | Trove    | Found the +3 pair of gauntlets of War {Slay+5}
 72180 | Trove    | Got a shimmering hat
 72191 | Trove    | Identified the +1 hat of Doureuj {rN+ Dex+5} (You found it
                  | in a treasure trove)
 72193 | Trove    | Got a warped hat
 72204 | Trove    | Identified the +4 hat of Hinabuiph {MR+} (You found it in a
                  | treasure trove)
 72215 | Trove    | Got a pair of warped gloves
 72226 | Trove    | Identified the -7 pair of gloves of Cocytus {+Fly rC-
                  | Regen+} (You found it in a treasure trove)
 72234 | Trove    | Got a pair of dazzling gloves
 72241 | Trove    | Identified the +1 pair of gloves of the Cricket {rPois
                  | Str+2 Slay+3} (You found it in a treasure trove)
 72252 | Trove    | Got a spiked cloak
 72263 | Trove    | Identified the +2 cloak of the Crypt {Int+6} (You found it
                  | in a treasure trove)
 72268 | Trove    | Got a pair of faintly humming boots
 72279 | Trove    | Identified the +0 pair of boots of Words of Power {+Fly
                  | rPois rN+++ Dex-4} (You found it in a treasure trove)
 72286 | Trove    | Got a pair of polished gloves
 72297 | Trove    | Identified the +2 pair of gloves "Isanoxic" {rElec} (You
                  | found it in a treasure trove)
 72310 | Trove    | Got a jewelled hat
 72331 | Trove    | Identified the +4 hat of an ossuary {rN+ Stlth+} (You found
                  | it in a treasure trove)
 72618 | Depths:4 | Identified the ring "Fitap" {*Contam rPois rCorr Int+3
                  | Dex+4}
 72947 | Depths:4 | Killed Louise
 73095 | Depths:4 | Found a sparkling altar of Nemelex Xobeh.
 73315 | Depths:5 | Entered Level 5 of the Depths
 73330 | Depths:5 | Reached XP level 25. HP: 210/210 MP: 43/43
 73432 | Depths:5 | Noticed Frederick
 73441 | Depths:5 | Killed Frederick
 73587 | Depths:5 | Found the amulet of the Four Winds {rN+ MR+++ Clar}
 73685 | Depths:5 | Found a shattered altar of Ashenzari.
 73901 | Depths:5 | Found a gate to the Realm of Zot.
 74157 | Zot:1    | Entered Level 1 of the Realm of Zot
 74789 | Zot:1    | Learned a level 2 spell: Blink
 74799 | Zot:1    | Learned a level 9 spell: Tornado
 75017 | Zot:1    | Reached XP level 26. HP: 184/217 MP: 46/46
 75325 | Zot:1    | Learned a level 9 spell: Glaciate
 75993 | Zot:2    | Noticed an orb of fire
 75993 | Zot:2    | Gained mutation: Your large and strong wings let you fly
                  | indefinitely. [an orb of fire]
 76359 | Zot:2    | Gained mutation: You do not regenerate when monsters are
                  | visible. [an orb of fire]
 76365 | Zot:2    | Gained mutation: You are dopey. (Int -2) [an orb of fire]
 76367 | Zot:2    | Killed an orb of fire
 76701 | Zot:2    | Reached skill level 15 in Fighting
 76706 | Zot:2    | Identified the +6 dagger "Kiexeo" {pierce, Dex+5}
 76900 | Zot:2    | You fall into a shaft and drop 2 floors!
 77208 | Zot:3    | Reached XP level 27. HP: 228/228 MP: 28/47
 78593 | Zot:4    | Reached skill level 10 in Ice Magic
 79700 | Zot:5    | Entered Level 5 of the Realm of Zot
 79881 | Zot:5    | Found a runed translucent door.
 79882 | Zot:5    | Noticed inmateoo's ghost (legendary GrFi)
 80520 | Zot:5    | Noticed an orb of fire
 80521 | Zot:5    | Noticed an ancient lich
 80531 | Zot:5    | Killed an ancient lich
 80539 | Zot:5    | Killed an orb of fire
 80725 | Zot:5    | Noticed an orb of fire
 80736 | Zot:5    | Gained mutation: You tend to lose your temper in combat.
                  | [an orb of fire]
 80737 | Zot:5    | Gained mutation: Your body sometimes deteriorates upon
                  | taking damage. [an orb of fire]
 80738 | Zot:5    | Killed an orb of fire
 80989 | Zot:5    | Noticed an ancient lich
 80993 | Zot:5    | Killed an ancient lich
 81454 | Zot:5    | Noticed an orb of fire
 81455 | Zot:5    | Gained mutation: You often lose your temper in combat. [an
                  | orb of fire]
 81460 | Zot:5    | Killed an orb of fire
 81538 | Zot:5    | Noticed an ancient lich
 81543 | Zot:5    | Killed an ancient lich
 82032 | Zot:5    | Got the Orb of Zot
 82104 | Zot:4    | Learned a level 2 spell: Passwall
 82127 | Zot:3    | Lost mutation: You are dopey. (Int -2) [potion of mutation]
 82127 | Zot:3    | Lost mutation: You have a beak for a mouth. [potion of
                  | mutation]
 82127 | Zot:3    | Lost mutation: Your body sometimes deteriorates upon taking
                  | damage. [potion of mutation]
 82127 | Zot:3    | Gained mutation: You expend magic power (3 MP) to
                  | strengthen your wands. [potion of mutation]
 82127 | Zot:3    | Gained mutation: Your tail ends in a poisonous barb.
                  | [potion of mutation]
 82309 | Depths:3 | Learned a level 2 spell: Swiftness
 82429 | D:15     | Identified the Catalogue of Shape Shifting and the Glacier
                  | (You acquired it on level 15 of the Dungeon)
 82441 | D:15     | Learned a level 8 spell: Lehudib's Crystal Spear
 82491 | D:14     | Killed from afar by a Hell Sentinel

Levels and vault maps discovered:
D:1:      scummos_arrival_checkerplants, layout_loops_ring, dk_noncrumbling_4,
          st_stairs_14
D:2:      layout_basic, lemuel_blue_sif_altar
D:3:      layout_loops_ring, yredelemnul_altar_generic,
          nicolae_overflow_crystal_walls, lemuel_round_altar, elyvilon_altar_1,
          minmay_misc_feat_five
D:4:      layout_gridville, grunt_temple_overflow_opulence,
          lemuel_crystal_altar, minmay_temple_entry_mist,
          lightli_sewer_entry_pipes, serial_shops, nicolae_shop_crystal
D:5:      layout_cave_pools, first_ration, uniq_ijyb
D:6:      layout_cave_pods, nicolae_dithmenos_the_darkroom,
          lemuel_crystal_altar, kennysheep_generic_room_12
D:7:      layout_rooms, serial_corexii_hall, chequers_hall_statues_wall_a,
          chequers_hall_statues_wall_a, serial_shops, kennysheep_mini,
          uniq_menkaure
D:8:      layout_layer_cave, zin_angel, nicolae_qazlal_eye_of_the_storm,
          due_lair_maze_entry_diamond, serial_shops, nicolae_shop_stone,
          grunt_pizzeria, uniq_joseph
D:9:      layout_small_grid, serial_shops, shop
D:10:     minmay_blocky_corners, layout_rooms, lemuel_flamethrower_hall
D:11:     layout_basic, uniq_psyche
D:12:     layout_irregular_city, orc_0_dummy, serial_shops, shop,
          enter_bailey_2, nicolae_trove_entry_path_of_doom
D:13:     layout_loops_cross, uniq_rupert, uniq_kirke
D:14:     layout_basic, david_vaults_1, serial_shops, shop_coins,
          roderic_lattice_a
D:15:     grunt_enter_depths_hoard, layout_irregular_city,
          ebering_ghost_disaster_area, serial_shops,
          nicolae_shop_temple_entry_statues_fountains
Lair:1:   layout_cave_shapes, uniq_erica
Lair:2:   kb_forest_paths, layout_hall_layers, forest_entry_grove
Lair:3:   layout_chaotic_city, gauntlet_entry_generic, uniq_nergalle
Lair:4:   layout_cave_pods, minmay_shoals_entry_hut, dummy_spider_entry,
          beast_lair_carwin_10
Lair:5:   layout_roguey, minmay_slime_entry_jelly_boxes, serial_bayou_shore_a,
          grunt_megastairs_2, minmay_lair_oklob_chamber, lemuel_fruit_tree,
          infiniplex_staircase_pool_2, serial_bayou_shore_b
Lair:6:   gammafunk_lair_ancient_temple, layout_long_grid, minivault_23,
          grunt_forest_small_clearings, kennysheep_snail_temple,
          serial_bayou_shore_b
Shoals:1: layout_shoals, gammafunk_ghost_arena, uniq_josephine
Shoals:2: layout_shoals, serial_shops, shop
Shoals:3: layout_shoals, nicolae_shoals_c_island
Shoals:4: shoals_end_simple, layout_shoals, nicolae_shoals_isolated_beach
Spider:1: layout_spider_delve, uniq_roxanne, uniq_aizul
Spider:2: layout_chambers, nicolae_spider_nook, nicolae_spider_cling_ruins
Spider:3: layout_spider_delve
Spider:4: grunt_spider_rune_parallel, guppyfry_spider_mini_2, uniq_arachne,
          uniq_donald
Slime:1:  layout_caves
Slime:2:  layout_caves
Slime:3:  layout_caves, dissolution_awaits
Slime:4:  layout_caves
Slime:5
Orc:1:    layout_diamond_mine, serial_shops, nicolae_shop_waterfront, uniq_urug
Orc:2:    pubby_orc_utopia
Elf:1:    minmay_guarded_unrand_folly, layout_onion_city, serial_shops,
          nicolae_shop_crystal, infiniplex_enter_wizlab_spiral, minivault_28
Elf:2:    layout_onion_city, serial_shops, shop, gammafunk_ghost_split
Elf:3:    grunt_elf_hall_asides, layout_geoelf_castle, basic_altar,
          minmay_shoptagon
Vaults:1: ebering_vaults_ghost_gozag, nicolae_vaults_yaktaur_gun_rack,
          vaults_standard_mumra_x, v_misc_5, vaults_dpeg_diagonal,
          vaults_room_fours, layout_vaults_omnigrid
Vaults:2: nicolae_vaults_network_barrier, ontoclasm_vaults_decontamination,
          hangedman_vaults_slice, v_misc_22, ontoclasm_vaults_misaligned,
          grunt_vaults_diagonal, v_misc_8, nicolae_vaults_little_squares_6,
          v_misc_13, v_misc_23, v_rooms_1, vaults_room_corners, v_alt_pattern_5,
          layout_vaults_chaotic_city, serial_shops, bzr_entry_islet,
          shop_fountains, shop
Vaults:3: vaults_room_door_ring, nicolae_vaults_good_morning_starshine,
          vaults_room_semicircle, hangedman_vaults_unwind,
          hangedman_vaults_snaps, v_misc_3, dpeg_vaults_monster_box, v_misc_26,
          ontoclasm_vaults_chip, ontoclasm_vaults_shuriken,
          minmay_crypt_entry_simple_statues, ontoclasm_vaults_twist, v_misc_23,
          ontoclasm_vaults_pinch, layout_vaults_big_cross
Vaults:4: nicolae_vaults_little_squares_3, v_misc_3,
          vaults_standard_mumra_lines, nicolae_vaults_ring_of_whatevers,
          nicolae_vaults_statue_guard, vaults_room_pools,
          ontoclasm_vaults_ring_small, v_misc_25, v_pattern_4, v_misc_18,
          grunt_vaults_focal, nicolae_vaults_network_periphery,
          vaults_mumra_hex, layout_vaults_omnibox
Depths:1: kennysheep_windowed_halls, layout_gridlike, abyss_entry,
          gammafunk_ghost_tricky_traps, hangedman_coc_ice_floe,
          hangedman_decor_opposing, chequers_hall_statues_wall_a,
          dk_noncrumbling_3, minmay_misc_feat_columns, kennysheep_small_square,
          serial_bayou_shore_b
Depths:2: minmay_the_grid_octo_2x2 [minmay_the_grid_octo_empty,
          minmay_the_grid_octo_odd_swirl, minmay_the_grid_octo_horde,
          minmay_the_grid_octo_prize_big_c], layout_cave_pools,
          enter_ziggurat_c, hangedman_abyss_or_decor_passed, hell_entry,
          serial_shops, shop_statue, abyss_entry
Depths:3: constructs_gauntlet_mu_hangedman, layout_cross,
          grunt_pan_entry_in_and_out, pf_hell_entry_tar_spiral, minivault_14,
          grunt_ministairs_11, kennysheep_decorative_pillar, uniq_bai_suzhen
Depths:4: evilmike_diamond_2, layout_cave_shapes, hell_entry, serial_shops,
          shop, nicolae_abyss_entry_one_way_or_another,
          nemelex_diamond_rough_becter, uniq_margery
Depths:5: grunt_zot_entry_bicorn, layout_cave_shapes, grunt_hell_horde,
          abyss_entry, minmay_misc_feat_diagonals, minivault_11,
          ashenzari_altar_1, grunt_megastairs_1, uniq_frederick
Zot:1:    infiniplex_zot_generator, layout_concentric_octagons,
          hangedman_elemental_corridor
Zot:2:    lemuel_halls_of_wrath, layout_onion_interference,
          hangedman_zot_spectrum
Zot:3:    layout_gridlike
Zot:4:    layout_basic, zot_minivault_4
Zot:5:    layout_gridlike, gammafunk_ghost_grave

Skill      XL: |  1  2  3  4  5  6  7  8  9 10 11 12 13 14 15 16 17 18 19 20 21 22 23 24 25 26 27 |
---------------+----------------------------------------------------------------------------------+-----
Stealth        | 2 |  2.0
Dodging        | 2 3 4 5 6 7 8 10 11 12 | 12.0
Fighting       | 1 2 3 4 5 6 7 8 9 10 11 13 14 15 18 | 18.0
Ice Magic      | 4 5 6 9 13 | 13.5
Spellcasting   | 3 4 5 6 8 9 10 11 12 13 14 15 16 19 20 21 | 21.0
Conjurations   | 2 3 4 5 7 8 9 10 11 12 13 15 16 17 18 20 | 20.7
Air Magic      | 3 7 10 11 14 15 | 15.0
Evocations     | 3 5 8 10 12 | 12.0
Staves         | 3 5 6 |  6.0
Fire Magic     | 4 6 7 8 9 10 11 12 14 15 16 18 19 20 21 | 21.0
Unarmed Combat | 2 3 7 10 12 15 | 15.0
Transmutations | 2 3 6 7 9 10 | 10.0
Earth Magic    | 2 3 6 7 9 10 | 10.0
Shields        | 4 |  4.0
Summonings     | 1 5 |  5.0
Translocations | 5 |  5.0

Action                   |  1- 3 |  4- 6 |  7- 9 | 10-12 | 13-15 | 16-18 | 19-21 | 22-24 | 25-27 || total
-------------------------+-------+-------+-------+-------+-------+-------+-------+-------+-------++-------
Melee: Unarmed           |    39 |    11 |       |       |       |   108 |   683 |   745 |   636 ||  2222
       Tailslap          |     5 |     6 |    16 |    18 |    54 |    44 |   123 |   139 |   165 ||   570
       Dagger            |       |    43 |    25 |       |       |       |       |       |       ||    68
       Staff             |       |       |    45 |   180 |   321 |   189 |   117 |    59 |    19 ||   930
       Demon trident     |       |       |       |       |       |    34 |    39 |     4 |       ||    77
       Punch             |       |       |       |       |       |     3 |       |       |       ||     3
       Kick              |       |       |       |       |       |       |       |   223 |   301 ||   524
       Peck              |       |       |       |       |       |       |       |   151 |   220 ||   371
Throw: Dart              |    15 |     3 |     2 |     2 |     7 |     3 |       |       |       ||    32
 Cast: Freeze            |    58 |   100 |   130 |   360 |   772 |   338 |    41 |       |       ||  1799
       Throw Frost       |       |     7 |     7 |    28 |    71 |    60 |    36 |       |       ||   209
       Ozocubu's Armour  |       |     1 |     6 |    38 |    98 |    34 |     2 |       |       ||   179
       Shock             |       |       |     3 |    22 |    17 |       |       |       |       ||    42
       Fireball          |       |       |       |    26 |    65 |    78 |       |       |       ||   169
       Lightning Bolt    |       |       |       |       |    44 |    47 |    21 |     4 |       ||   116
       Freezing Cloud    |       |       |       |       |    41 |   190 |   283 |    77 |    18 ||   609
       Ozocubu's Refrige |       |       |       |       |     9 |     9 |       |       |       ||    18
       Statue Form       |       |       |       |       |       |    13 |    63 |    68 |    55 ||   199
       Deflect Missiles  |       |       |       |       |       |     1 |    13 |     7 |     5 ||    26
       Summon Lightning  |       |       |       |       |       |       |   102 |    56 |    15 ||   173
       Ignition          |       |       |       |       |       |       |     4 |    66 |    11 ||    81
       Summon Forest     |       |       |       |       |       |       |       |    24 |     5 ||    29
       Fire Storm        |       |       |       |       |       |       |       |     7 |   168 ||   175
       Tornado           |       |       |       |       |       |       |       |       |     2 ||     2
       Glaciate          |       |       |       |       |       |       |       |       |     7 ||     7
       Passwall          |       |       |       |       |       |       |       |       |     4 ||     4
       Lehudib's Crystal |       |       |       |       |       |       |       |       |     1 ||     1
 Abil: Breathe Steam     |       |       |    38 |   130 |   181 |    46 |     7 |     1 |       ||   403
       Evoke Blink       |       |       |       |       |       |     1 |     3 |       |       ||     4
       Evoke Invisibilit |       |       |       |       |       |     1 |     1 |       |       ||     2
       End Transformatio |       |       |       |       |       |       |       |     1 |       ||     1
Evoke: Wand              |       |       |       |    10 |     3 |     5 |     6 |     7 |     5 ||    36
       Phial of floods   |       |       |       |     1 |     1 |     4 |     1 |     2 |     2 ||    11
       Sack of spiders   |       |       |       |       |     2 |     2 |     1 |     1 |       ||     6
       Lightning rod     |       |       |       |       |     5 |       |       |       |       ||     5
       Phantom mirror    |       |       |       |       |       |     1 |       |       |     3 ||     4
       Lamp of fire      |       |       |       |       |       |     3 |     1 |     1 |     1 ||     6
       Staff of energy   |       |       |       |       |       |       |     3 |       |       ||     3
  Use: Scroll            |       |    13 |     6 |     9 |    17 |    19 |    15 |    15 |    15 ||   109
       Potion            |       |       |       |       |       |    17 |       |     7 |     8 ||    32
 Stab: Distracted        |       |       |       |     1 |     1 |     2 |    14 |    15 |     6 ||    39
       Sleeping          |       |       |       |       |     1 |     1 |     2 |       |     1 ||     5
  Eat: Chunk             |     2 |     3 |    14 |    26 |    58 |    18 |    16 |       |       ||   137
       Ration            |       |     2 |       |     5 |    10 |    13 |    18 |    19 |    14 ||    81
Armor: Skin              |    39 |    39 |    75 |   248 |   634 |   537 |   558 |   453 |   375 ||  2958
Dodge: Dodged            |    75 |    79 |   176 |   490 |  1258 |  1203 |  1255 |  1002 |   862 ||  6400
       Deflected         |       |       |       |       |       |     3 |    91 |    85 |    51 ||   230
Block: Buckler           |       |       |       |       |       |   104 |   377 |   301 |   377 ||  1159
